 Dungeon Crawl Stone Soup version 0.27.1 (webtiles) character file.

Game seed: 9025397162946539835

39 nxtlvl the Cutter (level 3, 0/22 HPs)
             Began as a Deep Elf Monk on Aug 30, 2021.
             Slain by a quokka (2 damage)
             ... on level 2 of the Dungeon.
             The game lasted 00:03:39 (484 turns).

nxtlvl the Cutter (Deep Elf Monk)                    Turns: 484, Time: 00:03:40

Health: 0/22       AC:  3    Str:  8    XL:     3   Next: 28%
Magic:  5/5        EV: 13    Int: 15    God:
Gold:   19         SH:  0    Dex: 17    Spells: 2/2 levels left

rFire    . . .     SeeInvis .   a - +0 short sword
rCold    . . .     Faith    .   (no shield)
rNeg     . . .     Spirit   .   e - +0 robe
rPois    .         Reflect  .   c - +0 helmet
rElec    .         Harm     .   (no cloak)
rCorr    .         Rampage  .   (no gloves)
Will     .....                  (no boots)
Stlth    ++........             (no amulet)
HPRegen  0.07/turn              (no ring)
MPRegen  0.09/turn              (no ring)

@: no status effects
A: no striking features
a: no special abilities


You were on level 2 of the Dungeon.
You visited 1 branch of the dungeon, and saw 3 of its levels.

You collected 19 gold pieces.

Inventory:

Hand Weapons
 a - a +0 short sword (weapon)
 b - a +0 hunting sling
Missiles
 d - 51 arrows
Armour
 c - a +0 helmet (worn)
 e - a +0 robe (worn)
Scrolls
 g - a scroll of enchant weapon {unknown}
 h - 3 scrolls of noise {unknown}
Potions
 f - a potion of lignification {unknown}


   Skills:
 - Level 2.4 Fighting
 * Level 4.4 Short Blades
 - Level 3.6 Dodging
 - Level 2.4 Stealth


You had 2 spell levels left.
You didn't know any spells.
Your spell library contained the following spells:

 Spells                   Type           Power      Damage    Failure   Level
 Gell's Gravitas          Tloc           0%         N/A       63%         3
 Lesser Beckoning         Tloc           0%         N/A       63%         3
 Teleport Other           Tloc           0%         N/A       63%         3


Dungeon Overview and Level Annotations

Branches:
Dungeon (3/15)

Altars:


Message History

You climb upwards.
There is a stone staircase leading down here.
You climb downwards.
There is a stone staircase leading up here.
There is a stone staircase leading up here.
Found a murky yellow potion.
Found a stone staircase leading down.
You hit the dart slug but do no damage. The dart slug launches a dart at you.
The slug dart hits you.
* * * LOW HITPOINT WARNING * * *
You hit the dart slug but do no damage. The dart slug completely misses you.
You hit the dart slug.
The dart slug is lightly wounded.
You hit the dart slug.
The dart slug is moderately wounded.
The dart slug launches a dart at you. The slug dart misses you.
You hit the dart slug.
The dart slug is heavily wounded.
The dart slug launches a dart at you. The slug dart misses you.
The quokka barely misses you.
You hit the dart slug.
The dart slug is heavily wounded.
The quokka barely misses you.
Unknown command.
You hit the dart slug.
The dart slug is almost dead.
The dart slug bites you but does no damage.
The quokka barely misses you.
You hit the dart slug.
You kill the dart slug!
The quokka bites you but does no damage.
You hit the quokka.
The quokka is heavily wounded.
The quokka closely misses you.
You closely miss the quokka.
The quokka is heavily wounded.
The quokka bites you.
You die...

.........# #...##......
..........# #....≈P≈....
..........# #...P♣♣≈P.##
..........# #....≈≈♣#.##
..........# ######.....#
..........#########<...#
........................
....!..r..#########....#
...>...@..# #....#
..........# #....#
..........# #....#
########### #....#
######


You could see a quokka.

Vanquished Creatures
  2 dart slugs
  7 endoplasms
  2 giant cockroaches (D:1)
  3 goblins
  A hobgoblin (D:1)
  4 jackals (D:2)
  A kobold (D:1)
  4 ball pythons
  4 bats
  4 rats
32 creatures vanquished.

Vanquished Creatures (others)
  4 plants (D:2)
4 creatures vanquished.

Grand Total: 36 creatures vanquished

Notes
Turn   | Place    | Note
-------+----------+-------------------------------------------
     0 | D:1      | nxtlvl the Deep Elf Monk began the quest for the Orb.
     0 | D:1      | Reached XP level 1. HP: 13/13 MP: 3/3
    81 | D:1      | Reached XP level 2. HP: 9/18 MP: 4/4
   248 | D:2      | Reached skill level 4 in Short Blades
   407 | D:2      | Reached XP level 3. HP: 7/22 MP: 5/5
   475 | D:2      | HP: 1/22 [dart slug/slug dart (6)]
   484 | D:2      | Slain by a quokka

Illustrated notes

Levels and vault maps discovered:
D:1:      onia_arrival_handbag, layout_basic, serial_shops, shop, minivault_24
D:2:      layout_rooms, serial_bayou, serial_bayou_pond_d, serial_bayou_pond_c,
          serial_bayou_shore_b, serial_bayou_pond_c, uniq_sigmund, uniq_natasha
D:3:      layout_loops_cross, grunt_decor_arrowhead, minmay_distorted

Skill      XL: |  1  2 |
---------------+-------+-----
Short Blades   | 4 |  4.4
Fighting       | |  2.4
Dodging        | |  3.6
Stealth        | |  2.4

Action                   || total
-------------------------++-------
Melee: Short sword       ||   119
 Stab: Sleeping          ||     7
       Distracted        ||     1
Armor: Robe              ||    24
Dodge: Dodged            ||    64
